AoeStats
← _Orca_

Fortress

507253492Analyzed
2v2 RM · 14d ago on Sep 17, 2026· 48m 58s· 4 players
Game mode
Random Map
Map size
Normal (6 player)
Population
200
Speed
Normal
Resources
Standard
Victory
Conquest
Starting age
Dark Age
Ending age
Imperial Age
RankedLock teamsTeams togetherTeam positionsShared explorationLock speedFull tech treeHidden civsTurbo modeCheats
Victory
Defeat
🇧🇪 Bengalis · Belgium
1346
+16
🇧🇪 Poles · Belgium
1300
+19
🇧🇩 Celts · Bangladesh
1373
-18
🇹🇷 Britons · Türkiye
1336
-17
kakfretter69
7:23 Feudal Age
7:40 Feudal Age
9:11 Double-Bit Axe
11:36 Castle Age
9:53 Loom
9:52 Horse Collar
10:51 Gold Mining
17:18 Sanctity
17:57 Fervor
22:52 Wheelbarrow
22:32 Bow Saw
22:23 Heavy Plow
25:34 Hand Cart
29:09 Imperial Age
26:51 Fletching
27:01 Padded Archer Armor
27:36 Bodkin Arrow
29:29 Elite Elephant Archer
31:07 Bracer
32:11 Leather Archer Armor
32:11 Elite Skirmisher
33:37 Bloodlines
36:15 Two-Man Saw
37:03 Ballistics
37:44 Chemistry
36:56 Paiks
37:12 Conscription
37:00 Husbandry
37:04 Stone Mining
38:09 Crop Rotation
38:11 Coinage
39:10 Ring Archer Armor
40:15 Masonry
40:06 Murder Holes
42:51 Banking
43:06 Forging
44:16 Scale Barding Armor
45:43 Mahayana
45:38 Light Cavalry
47:03 Elite Battle Elephant
48:14 Chain Barding Armor
Myrrh [BE]
8:00 Feudal Age
11:42 Castle Age
11:14 Double-Bit Axe
11:11 Horse Collar
12:39 Szlachta Privileges
13:50 Husbandry
16:41 Bloodlines
22:29 Scale Barding Armor
24:44 Bow Saw
26:11 Wheelbarrow
27:27 Loom
30:29 Gold Mining
33:53 Chain Barding Armor
34:25 Forging
38:37 Iron Casting
38:04 Heavy Plow
41:21 Light Cavalry
42:20 Hand Cart
44:59 Imperial Age
46:43 Crop Rotation
46:35 Winged Hussar
47:48 Town Watch
_Orca_
7:54 Feudal Age
11:57 Castle Age
10:23 Double-Bit Axe
10:20 Horse Collar
11:46 Loom
13:20 Town Watch
14:10 Wheelbarrow
14:48 Bow Saw
17:02 Pikeman
24:22 Heavy Plow
26:46 Scale Mail Armor
28:36 Arson
28:37 Gambesons
33:41 Imperial Age
31:57 Forging
33:34 Chain Mail Armor
33:55 Iron Casting
34:02 Gold Mining
34:03 Stone Mining
34:34 Hand Cart
34:04 Capped Ram
34:37 Halberdier
39:19 Fletching
40:52 Plate Mail Armor
42:10 Blast Furnace
40:51 Heavy Scorpion
41:58 Siege Ram
44:53 Conscription
44:44 Furor Celtica
43:55 Elite Woad Raider
47:48 Bodkin Arrow
ibrahim_arig
7:38 Feudal Age
8:22 Double-Bit Axe
8:56 Horse Collar
12:43 Castle Age
12:40 Fletching
12:50 Padded Archer Armor
13:45 Bow Saw
13:59 Gold Mining
14:47 Loom
16:35 Gold Shaft Mining
16:08 Bodkin Arrow
17:55 Leather Archer Armor
20:17 Ballistics
20:44 Stone Mining
22:41 Crossbowman
29:51 Wheelbarrow
29:01 Town Watch
33:35 Imperial Age
33:57 Hand Cart
34:27 Bracer
34:57 Ring Archer Armor
33:53 Arbalester
37:05 Chemistry
39:42 Conscription
41:08 Yeomen
40:37 Capped Ram
40:44 Elite Longbowman
42:58 Two-Man Saw
42:19 Masonry
45:11 Heavy Plow
45:52 Squires
45:13 Pikeman
46:06 Forging
45:56 Scale Mail Armor
47:34 Iron Casting
Connection lost

Rejoining the realm…

Still unreachable

The connection could not be restored.

Session expired

The server has moved on; the page needs a fresh start.